 Dungeon Crawl Stone Soup version 0.24-a0-140-gcaa6c10b7c (webtiles) character file.

Game seed: 1358477616162354385

13138 PikkenKukken the Demonic Catastrophe (level 11, 0/89 HPs)
             Began as a Demonspawn Transmuter on Mar 4, 2019.
             Was an Elder of Qazlal.
             Succumbed to a spiny frog's poison
             ... on level 11 of the Dungeon.
             The game lasted 00:36:23 (13778 turns).

PikkenKukken the Demonic Catastrophe (DsTm)        Turns: 13778, Time: 00:36:24

Health: 0/89       AC: 15    Str: 10    XL:     11   Next: 71%
Magic:  20/20      EV: 20    Int: 14    God:    Qazlal [****..]
Gold:   487        SH:  5    Dex: 21    Spells: 9/18 levels left

rFire    . . .     SeeInvis .     - Unarmed
rCold    + + .     Gourm    .   (no shield)
rNeg     . . .     Faith    .   x - +5 robe of the Six Wars {rC+}
rPois    .         Spirit   .   r - +2 hat
rElec    .         Reflect  .   (no cloak)
rCorr    .         Harm     .   k - +2 pair of gloves {Dex+3}
MR       .....                  (no boots)
Stlth    +.........             G - amulet of magic regeneration
HPRegen  0.24/turn              h - +3 ring of protection
MPRegen  0.42/turn              n - +3 ring of evasion

@: lethally poisoned (0 -> -27), studying Long Blades, repel missiles
A: antennae 2, hooves 2, blink, cold resistance 1, demonic guardian 1, robust 1,
MP-powered wands
a: Blink, Upheaval, Elemental Force, Renounce Religion


You were on level 11 of the Dungeon.
You worshipped Qazlal.
Qazlal was greatly pleased with you.
You were full.

You visited 3 branches of the dungeon, and saw 13 of its levels.
You also visited: Ossuary.

You collected 709 gold pieces.
You spent 222 gold pieces at shops.

Inventory:

Missiles
 a - 117 arrows
Armour
 b - a +0 robe
 k - a +2 pair of gloves of dexterity (worn)
 r - a +2 hat (worn)
 u - a -2 robe
 x - the +5 robe of the Six Wars (worn) {rC+}
   (You found it on level 5 of the Dungeon)

   It protects you from cold.
Jewellery
 h - a +3 ring of protection (left hand)
 j - an uncursed ring of magical power
 n - a +3 ring of evasion (right hand)
 F - an uncursed amulet of guardian spirit
 G - an amulet of magic regeneration (around neck)
Wands
 i - a wand of digging (6)
 E - a wand of flame (22)
 H - a wand of paralysis (5)
Scrolls
 l - a scroll of enchant weapon
 o - 4 scrolls of identify
 q - 6 scrolls of remove curse
 s - 2 scrolls of enchant armour
 t - 3 scrolls of teleportation
 y - a scroll of amnesia
 C - 3 scrolls of magic mapping
Potions
 c - 7 potions of brilliance
 e - 4 potions of curing
 f - 3 potions of flight
 g - a potion of heal wounds
 m - 3 potions of mutation
 p - a potion of ambrosia
 w - 3 potions of agility
 z - a potion of invisibility
 A - a potion of cancellation
 B - 2 potions of might
 D - a potion of magic
Books
 v - a manual of Long Blades
Comestibles
 d - 21 rations


   Skills:
 + Level 6.2 Fighting
 + Level 6.1 Dodging
 + Level 10.5 Unarmed Combat
 - Level 4.0 Spellcasting
 + Level 4.6 Transmutations
 - Level 5.0 Ice Magic
 - Level 1.0 Poison Magic
 - Level 12.0 Invocations


You had 9 spell levels left.
You knew the following spells:

 Your Spells              Type           Power        Failure   Level  Hunger
a - Beastly Appendage     Tmut           ###...       3%          1    None
b - Sticks to Snakes      Tmut           ###.....     4%          2    ##.....
c - Spider Form           Tmut/Pois      ##........   19%         3    ###....
d - Ozocubu's Armour      Chrm/Ice       #.......     21%         3    ###....

Your spell library contained the following spells:

 Spells                   Type           Power        Failure   Level  Hunger
 Freeze                   Ice            ###.         2%          1    None
 Ensorcelled Hibernation  Hex/Ice        #.....       11%         2    ##.....
 Throw Frost              Conj/Ice       #.....       11%         2    ##.....
 Corona                   Hex            #......      19%         1    None
 Ice Form                 Ice/Tmut       ###.....     26%         4    ####...
 Confuse                  Hex            #.......     50%         3    ###....
 Dazzling Spray           Conj/Hex       #.....       50%         3    ###....
 Tukima's Dance           Hex            #.......     50%         3    ###....
 Summon Ice Beast         Ice/Summ       #.......     56%         4    ####...
 Throw Icicle             Conj/Ice       #.......     56%         4    ####...
 Blade Hands              Tmut           ###.......   63%         5    ######.


Dungeon Overview and Level Annotations

Branches:
Dungeon (11/15)            Temple (1/1) D:5            Lair (1/6) D:11
    Orc (0/2) D:9

Altars:
Ashenzari
Cheibriados
Dithmenos
Elyvilon
Fedhas
Gozag
Hepliaklqana
Kikubaaqudgha
Makhleb
Nemelex Xobeh
Okawaru
Qazlal
Ru
Sif Muna
Trog
Uskayaw
Vehumet
Wu Jian
Xom
Yredelemnul
Zin
The Shining One
Beogh

Shops:
D:5 !   D:7 ?*:(=

Annotations:
D:5 1 runed translucent door, Crazy Yiuf, Sigmund


Innate Abilities, Weirdness & Mutations

You have a pair of antennae on your head.
You have hoof-like feet.
Your flesh is cold resistant. (rC+)
A weak demonic guardian rushes to your aid.
You can translocate small distances at will.
You are robust. (+10% HP)
You expend magic power (3 MP) to strengthen your wands.


Message History

The spiny frog is moderately wounded.
The spiny frog completely misses you. The spiny frog stings you!
* * * LOW HITPOINT WARNING * * *
You punch the spiny frog!
The spiny frog is heavily wounded.
The spiny frog completely misses you. The spiny frog stings you!
* * * LOW HITPOINT WARNING * * *
You are poisoned.
The spiny frog poisons you!
Unknown command.
Unknown command.
You hit the spiny frog. You kick the spiny frog.
The spiny frog is heavily wounded.
You feel sick. The spiny frog completely misses you. The spiny frog stings you!
* * * LOW HITPOINT WARNING * * *
You are more poisoned.
The spiny frog poisons you!
You barely miss the spiny frog. You kick the spiny frog.
The spiny frog is severely wounded.
You die...

......#.....#..................#.
......#.....#..PPP.............#.
......#.....P............##....#.
......#...........P.PP...##....#.
......#.......P...P.P..........#.
)..)..#...P.♣...P..P♣..........#.
......#.......○...P............#.
......#........F[♣♣....P.......#.
......#.....♣..P@.§.P...###....#.
......#....PPP.PPF§......#######.
......#..P.♣P....°..♣P.........#.
...)..#.....(....P.............#.
......#.............P.P........#.
##...##.......PP[........###...'.
##...##'####.........+######...#.
##........##.....P.............#.
##........##.....#.............#.


You could see 2 spiny frogs.

Vanquished Creatures
  2 unseen horrors (D:11)
  Pikel (D:8)
  A centaur skeleton (D:8)
  A gargoyle (D:11)
  2 spiny frogs (D:11)
  2 trolls (D:11)
  3 hippogriffs
  Grinder (D:3)
  15 yaks
  A wyvern (D:9)
  A basilisk (D:11)
  3 hogs (D:10)
  A human (D:10)
  A hungry ghost (D:9)
  Edmund (D:5)
  2 porcupines (D:11)
  Duvessa (D:7)
  A black bear (D:6)
  3 phantoms
  2 ice beasts
  A necrophage (D:8)
  4 sky beasts
  7 orc warriors
  6 ogres
  2 crocodiles (D:11)
  A big kobold (D:8)
  4 bullfrogs
  A gnoll sergeant (D:8)
  4 scorpions
  4 killer bees (D:8)
  2 wights (D:11)
  2 crimson imps
  3 orc priests
  2 hounds
  A quasit (D:11)
  A centaur zombie (D:8)
  A gnoll shaman (D:10)
  5 jellies
  A bullfrog skeleton (D:4)
  Terence (D:3)
  2 iguanas
  7 orc wizards
  Ijyb (D:3)
  5 worker ants
  5 big kobold zombies (Ossuary)
  A mummy (Ossuary)
  A hound skeleton (D:6)
  Robin (D:4)
  10 adders
  19 gnolls
  An ooze (D:1)
  A worm (D:2)
  A dart slug (D:2)
  9 leopard geckos
  93 orcs
  6 giant cockroaches
  13 goblins
  6 hobgoblins
  12 jackals
  3 quokkas
  2 ball pythons
  5 bats
  4 bat simulacra (Ossuary)
  10 frilled lizards
  A giant cockroach zombie (D:6)
  7 gnoll zombies (Ossuary)
  5 goblin simulacra (Ossuary)
  7 goblin zombies (Ossuary)
  4 hobgoblin zombies (Ossuary)
  11 kobolds
  7 kobold simulacra (Ossuary)
  5 kobold zombies (Ossuary)
  2 orc zombies (Ossuary)
  10 rats
  2 rat simulacra (Ossuary)
  5 spectral goblins (Ossuary)
  4 spectral rats (Ossuary)
386 creatures vanquished.

Vanquished Creatures (collateral kills)
  A hydra (D:11)
  A black mamba (Lair:1)
  A komodo dragon (D:11)
  A porcupine (D:11)
  A black bear (D:8)
  An ogre (D:8)
  A centaur (D:8)
  A crocodile (D:11)
  A bullfrog (D:9)
  Dowan (D:7)
  A wight (D:11)
  A crimson imp (D:6)
  A hound (D:3)
  3 gnolls
  A worm (D:2)
  7 orcs (D:3)
  2 kobolds (D:8)
  A frilled lizard (D:3)
27 creatures vanquished.

Vanquished Creatures (others)
  2 fungi (D:11)
  2 plants (D:11)
4 creatures vanquished.

Grand Total: 417 creatures vanquished

Notes
Turn   | Place    | Note
-------+----------+-------------------------------------------
     0 | D:1      | PikkenKukken the Demonspawn Transmuter began the quest for
                  | the Orb.
     0 | D:1      | Reached XP level 1. HP: 15/15 MP: 3/3
   457 | D:1      | Lost mutation: You have a pair of horns on your head.
                  | [demonic ancestry]
   457 | D:1      | Lost mutation: You have a pair of small horns on your head.
                  | [demonic ancestry]
   457 | D:1      | Gained mutation: You have a pair of small antennae on your
                  | head. [demonic ancestry]
   457 | D:1      | Reached XP level 2. HP: 20/21 MP: 3/5
   464 | D:1      | Learned a level 2 spell: Sticks to Snakes
  1246 | D:2      | Reached XP level 3. HP: 25/26 MP: 6/6
  1251 | D:2      | Learned a level 3 spell: Spider Form
  2188 | D:2      | Reached skill level 1 in Poison Magic
  2715 | D:2      | Gained mutation: A weak demonic guardian rushes to your
                  | aid. [demonic ancestry]
  2715 | D:2      | Reached XP level 4. HP: 15/32 MP: 3/7
  3169 | D:3      | Found a radiant altar of Vehumet.
  3313 | D:3      | Noticed Terence
  3326 | D:3      | Reached XP level 5. HP: 15/38 MP: 4/8
  3327 | D:3      | Killed Terence
  3737 | D:3      | Found a sacrificial altar of Ru.
  3842 | D:3      | Noticed Ijyb
  3853 | D:3      | Killed Ijyb
  3924 | D:3      | Noticed Grinder
  3963 | D:3      | Killed Grinder
  3963 | D:3      | Reached XP level 6. HP: 10/47 MP: 2/9
  4234 | D:3      | Found a bloodstained altar of Trog.
  5524 | D:4      | Gained mutation: You have large cloven feet. [demonic
                  | ancestry]
  5524 | D:4      | Reached XP level 7. HP: 38/52 MP: 6/10
  5820 | D:4      | Noticed Robin
  5832 | D:4      | Killed Robin
  5837 | D:4      | Reached skill level 5 in Unarmed Combat
  6399 | D:5      | Entered Level 5 of the Dungeon
  6493 | D:5      | Found a staircase to the Ecumenical Temple.
  6503 | Temple   | Entered the Ecumenical Temple
  6519 | Temple   | Became a worshipper of Qazlal Stormbringer
  6541 | D:5      | Reached skill level 1 in Invocations
  6583 | D:5      | Noticed Sigmund
  6600 | D:5      | Got a steaming robe
  6637 | D:5      | Noticed Edmund
  6652 | D:5      | Reached skill level 2 in Invocations
  6663 | D:5      | Killed Edmund
  6702 | D:5      | Found a runed translucent door.
  6703 | D:5      | Noticed Crazy Yiuf
  6724 | D:5      | Found Xaseyfroy's Distillery.
  6732 | D:5      | Bought a potion of mutation for 96 gold pieces
  6732 | D:5      | Bought a potion of mutation for 96 gold pieces
  6732 | D:5      | Gained mutation: You are robust. (+10% HP) [potion of
                  | mutation]
  6732 | D:5      | Gained mutation: Your flesh is cold resistant. (rC+)
                  | [potion of mutation]
  6732 | D:5      | Gained mutation: You can translocate small distances at
                  | will. [potion of mutation]
  6732 | D:5      | Gained mutation: You expend magic power (3 MP) to
                  | strengthen your wands. [potion of mutation]
  6917 | D:6      | Mutation became permanent: Your flesh is cold resistant.
                  | (rC+) [demonic ancestry]
  6917 | D:6      | Gained mutation: Your flesh is cold resistant. (rC+)
                  | [demonic ancestry]
  6917 | D:6      | Reached XP level 8. HP: 67/67 MP: 7/11
  7013 | D:6      | Reached skill level 3 in Invocations
  7329 | D:6      | Identified the +5 robe of the Six Wars {rC+} (You found it
                  | on level 5 of the Dungeon)
  7611 | D:6      | Reached skill level 5 in Fighting
  7611 | D:6      | Reached skill level 5 in Dodging
  7709 | D:6      | Learned a level 3 spell: Ozocubu's Armour
  7715 | D:7      | Found Kirchekep's Book Shop.
  7743 | D:7      | Found Lusojyam's Magic Scroll Shop.
  7750 | D:7      | Bought a scroll of remove curse for 30 gold pieces
  7795 | D:7      | Found Huugeago's General Store.
  7836 | D:7      | Noticed Dowan
  7837 | D:7      | Noticed Duvessa
  7839 | D:7      | Found Geycunol's Weapon Emporium.
  7841 | D:7      | Killed Dowan
  7841 | D:7      | Reached skill level 4 in Invocations
  7862 | D:7      | Killed Duvessa
  7862 | D:7      | Reached skill level 1 in Ice Magic
  8138 | D:7      | Found Xyij's Jewellery Boutique.
  8198 | D:7      | Reached * piety under Qazlal
  8228 | D:7      | Found a sand-covered staircase.
  8232 | Ossuary  | Entered an ossuary
  8513 | Ossuary  | Reached ** piety under Qazlal
  8605 | Ossuary  | Reached skill level 5 in Invocations
  8967 | D:8      | Noticed a hippogriff
  8978 | D:8      | Killed a hippogriff
  8978 | D:8      | Reached XP level 9. HP: 71/74 MP: 2/13
  9116 | D:8      | Reached skill level 6 in Invocations
  9201 | D:8      | Reached *** piety under Qazlal
  9334 | D:8      | Found a roughly hewn altar of Beogh.
  9396 | D:8      | Found a bloodstained altar of Trog.
  9446 | D:8      | Reached skill level 7 in Invocations
  9842 | D:8      | Found a burning altar of Makhleb.
 10099 | D:8      | Noticed Pikel
 10104 | D:8      | Killed Pikel
 10104 | D:8      | Reached skill level 8 in Invocations
 10104 | D:8      | Gained mutation: You have hoof-like feet. [demonic
                  | ancestry]
 10104 | D:8      | Reached XP level 10. HP: 81/81 MP: 11/16
 10129 | D:8      | Found a sparkling altar of Nemelex Xobeh.
 10133 | D:8      | Found a hide-covered altar of Uskayaw.
 10133 | D:8      | Found a snail-covered altar of Cheibriados.
 10293 | D:9      | Reached skill level 5 in Ice Magic
 10556 | D:9      | Reached skill level 9 in Invocations
 10586 | D:9      | Reached **** piety under Qazlal
 10920 | D:9      | Found a staircase to the Orcish Mines.
 10974 | D:9      | Reached skill level 10 in Invocations
 11388 | D:10     | Entered Level 10 of the Dungeon
 11801 | D:10     | Reached skill level 11 in Invocations
 11892 | D:11     | Noticed a four-headed hydra
 11911 | D:11     | Killed a four-headed hydra
 11911 | D:11     | Reached ***** piety under Qazlal
 11911 | D:11     | Gained mutation: You have a pair of antennae on your head.
                  | [demonic ancestry]
 11911 | D:11     | Reached XP level 11. HP: 24/86 MP: 12/19
 12219 | D:11     | Reached skill level 10 in Unarmed Combat
 12315 | D:11     | Found a staircase to the Lair.
 12342 | D:11     | Reached skill level 12 in Invocations
 12346 | D:11     | Killed an unseen horror
 12356 | Lair:1   | Entered Level 1 of the Lair of Beasts
 12371 | D:11     | HP: 3/88 [spiny frog (4)]
 13398 | D:11     | Killed an unseen horror
 13777 | D:11     | HP: 2/89 [spiny frog (7)]
 13778 | D:11     | Succumbed to a spiny frog's poison

Levels and vault maps discovered:
D:1:      mrwooster_arrival_statue_3, layout_rooms, chequers_mini_garden,
          corner_web_ring
D:2:      layout_loops_corners, first_ration, hangedman_decor_peaks_small,
          minmay_fractal_squares_gapless_5
D:3:      layout_rooms, lemuel_doored_altar, bloody_trog,
          nicolae_ru_the_path_less_chosen, uniq_terence, uniq_grinder, uniq_ijyb
D:4:      layout_rooms, hangedman_decor_growths, minivault_19,
          minmay_manual_monstrance, uniq_robin
D:5:      layout_basic, minmay_temple_entry_trees, serial_shops, shop,
          uniq_edmund, uniq_crazy_yiuf_cottage, uniq_sigmund
D:6:      layout_cave_pods
D:7:      layout_rooms, serial_shops, shop_coins, shop,
          nicolae_shop_behind_doors, shop_statue, shop, enter_ossuary_5,
          uniq_duvessa
D:8:      layout_cave_pools, grunt_temple_overflow_open, basic_altar,
          special_room [special_room_orc], uniq_pikel
D:9:      layout_roguey, david_orc_2, special_room [special_room_orc]
D:10:     layout_cave_pools, grunt_livestock
D:11:     layout_stronghold, minmay_lair_entry_grove
Temple:   minmay_freezing_vapour_temple
Lair:1:   layout_chaotic_city, beast_lair_carwin_7, infiniplex_staircase_pool_2
Ossuary:  ossuary_zaba_two_paths

Skill      XL: |  1  2  3  4  5  6  7  8  9 10 11 |
---------------+----------------------------------+-----
Dodging        | 2 3 4 5 6 |  6.1
Unarmed Combat | 3 4 5 6 7 9 10 | 10.5
Transmutations | 2 3 4 |  4.6
Poison Magic   | 1 |  1.0
Fighting       | 3 4 5 6 |  6.2
Invocations    | 2 5 8 11 12 | 12.0
Ice Magic      | 2 4 5 |  5.0
Spellcasting   | 3 4 |  4.0

Action                   |  1- 3 |  4- 6 |  7- 9 | 10-12 || total
-------------------------+-------+-------+-------+-------++-------
Melee: Unarmed           |   170 |   158 |   630 |   482 ||  1440
       Headbutt          |     4 |       |       |       ||     4
       Punch             |     2 |       |    18 |    22 ||    42
       Kick              |       |       |   139 |   176 ||   315
 Cast: Beastly Appendage |     6 |       |       |       ||     6
       Spider Form       |     3 |    25 |    32 |       ||    60
       Sticks to Snakes  |     1 |       |       |    16 ||    17
       Ozocubu's Armour  |       |       |     3 |    12 ||    15
Invok: Upheaval          |       |       |     4 |     3 ||     7
       Elemental Force   |       |       |       |     1 ||     1
  Use: Scroll            |     7 |     2 |    11 |     6 ||    26
       Potion            |       |       |     2 |     3 ||     5
 Stab: Sleeping          |     3 |       |     2 |       ||     5
       Distracted        |       |     1 |     4 |     2 ||     7
  Eat: Chunk             |     6 |     9 |    18 |    15 ||    48
       Ration            |       |     1 |     1 |     2 ||     4
Armor: Robe              |    41 |     2 |    93 |    99 ||   235
       Skin              |       |     7 |    12 |       ||    19
Dodge: Dodged            |    84 |   132 |   474 |   312 ||  1002
       Deflected         |       |       |       |     2 ||     2
Block: Other             |       |       |    42 |    97 ||   139

Table legend:
 A = Non-vault XP
 B = Vault XP
 C = Vault XP percentage of total XP
 D = Non-vault monster count
 E = Vault monster count
 F = Vault count percentage of total count
                 A         B        C        D         E       F
            +---------+---------+-------+---------+---------+-------
      Total |   12321 |    6448 |  34.4 |     259 |     154 |  37.3
            +---------+---------+-------+---------+---------+-------
        D:1 |      32 |       0 |   0.0 |      20 |       0 |   0.0
        D:2 |      65 |       1 |   1.5 |      27 |       1 |   3.6
        D:3 |     199 |     274 |  57.9 |      40 |       5 |  11.1
        D:4 |     213 |     169 |  44.2 |      21 |      10 |  32.3
        D:5 |     320 |     123 |  27.8 |       8 |       1 |  11.1
        D:6 |     557 |       0 |   0.0 |      17 |       0 |   0.0
        D:7 |     230 |     207 |  47.4 |       6 |       2 |  25.0
        D:8 |    2466 |     865 |  26.0 |      50 |      26 |  34.2
        D:9 |    2570 |     328 |  11.3 |      24 |      31 |  56.4
       D:10 |     306 |     943 |  75.5 |       9 |       5 |  35.7
       D:11 |    4909 |    3336 |  40.5 |      36 |      15 |  29.4
     Lair:1 |     454 |       0 |   0.0 |       1 |       0 |   0.0
    Ossuary |       0 |     202 | 100.0 |       0 |      58 | 100.0
            +---------+---------+-------+---------+---------+-------
